 Dungeon Crawl Stone Soup version 0.21-a0-59-g7b0e191 (webtiles) character file.

171041 HAL9000 the Unseen (level 18, -12/111 HPs)
             Began as a Vine Stalker Assassin on June 15, 2017.
             Was a High Priest of Dithmenos.
             Mangled by a catoblepas (15 damage)
             ... led by Polyphemus
             ... on level 3 of the Shoals on June 16, 2017.
             The game lasted 01:58:47 (29619 turns).

HAL9000 the Unseen (Vine Stalker Assassin)         Turns: 29619, Time: 01:58:47

Health: -12/111    AC: 13    Str: 27    XL:     18   Next: 0%
Magic:  0/28       EV: 11    Int:  9    God:    Dithmenos [*****.]
Gold:   814        SH:  0    Dex: 24    Spells: 13/29 levels left

rFire    + . .     SeeInvis .   K - +8 quick blade
rCold    + + .     Gourm    .   s - +0 shield
rNeg     . . .     Faith    .   k - +3 leather armour {MR+}
rPois    +         Spirit   +   E - +0 helmet "Syel" {rPois MR+ rCorr}
rElec    .         Reflect  .   j - +1 cloak {rC+}
rCorr    +         Harm     .   R - +0 pair of gloves of Gallantry {Str+4 Dex+4}
MR       ++++.                  U - +0 pair of boots
Stlth    +++++++...             V - amulet of Vitality {Regen+ HP+15}
HPRegen  1.48/turn              x - ring of the Establishment {rPois rC+ EV+2 Str+5 Int-2}
MPRegen  0.21/turn              A - ring of protection from fire

@: about to teleport, petrifying, wreathed by umbra, very slow
A: fangs 3, regeneration 2, magic shield, antimagic bite, no potion heal 3, rot
immunity
a: Shadow Step, Shadow Form, Renounce Religion


You were on level 3 of the Shoals.
You worshipped Dithmenos.
Dithmenos was extremely pleased with you.
You were not hungry.

You visited 4 branches of the dungeon, and saw 24 of its levels.
You also visited: Labyrinth, Ossuary, Ice Cave and Volcano.

You collected 3137 gold pieces.
You spent 2323 gold pieces at shops.

Inventory:

Hand Weapons
 y - the +3 hand crossbow "Spiderbane" {venom, *Corrode MR+ Stlth+}
   (You bought it in a shop on level 2 of the Shoals)

   It poisons the ammo it fires.
   It affects your resistance to hostile enchantments.
   It may corrode you when you take damage.
   It makes you more stealthy.
 K - a +8 quick blade (weapon)
Missiles
 m - 7 poisoned javelins
 H - 10 throwing nets (quivered)
 J - 24 javelins
Armour
 j - a +1 cloak of cold resistance (worn)
 k - a +3 leather armour of magic resistance (worn)
 s - a +0 shield (worn)
 E - the +0 helmet "Syel" (worn) {rPois MR+ rCorr}
   (You bought it in a shop on level 2 of the Orcish Mines)

   It protects you from poison.
   It affects your resistance to hostile enchantments.
   It protects you from acid and corrosion.
 R - the +0 pair of gloves of Gallantry (worn) {Str+4 Dex+4}
   (You found it in a labyrinth)

   It affects your strength (+4).
   It affects your dexterity (+4).
 U - a +0 pair of boots (worn)
Jewellery
 x - the ring of the Establishment (left hand) {rPois rC+ EV+2 Str+5 Int-2}
   (You bought it in a shop on level 10 of the Dungeon)

   [ring of evasion]

   It affects your evasion (+2).
   It affects your strength (+5).
   It affects your intelligence (-2).
   It protects you from cold.
   It protects you from poison.
 A - a ring of protection from fire (right hand)
 T - an uncursed ring of see invisible
 V - the amulet of Vitality (around neck) {Regen+ HP+15}
   (You found it on level 3 of the Lair of Beasts)

   [amulet of regeneration]

   It affects your health (+15).
   It increases your rate of regeneration.
Wands
 d - a wand of iceblast (5/15)
 i - a wand of disintegration (9/24)
 o - a wand of disintegration (15/24)
 p - a wand of digging (1/24)
 B - a wand of disintegration (13/24)
 Y - a wand of lightning (7/15)
Scrolls
 l - 12 scrolls of teleportation
 q - 4 scrolls of fog
 r - 12 scrolls of remove curse
 t - 3 scrolls of recharging
 w - a scroll of identify
 G - 3 scrolls of blinking
 N - 4 scrolls of magic mapping
 S - 10 scrolls of fear
 W - a scroll of summoning
Potions
 n - 4 potions of flight
 v - 2 potions of ambrosia
 C - 3 potions of haste
 D - a potion of invisibility
 F - 4 potions of might
 I - 2 potions of agility
 M - 9 potions of curing
 O - 6 potions of brilliance
 P - 4 potions of resistance
 Q - 3 potions of magic
 X - 3 potions of cancellation
Miscellaneous
 c - a phial of floods
Comestibles
 g - 13 bread rations
 u - a meat ration
 z - 17 fruits
 L - 7 chunks of flesh
 Z - 9 royal jellies


   Skills:
 - Level 11.4 Fighting
 - Level 10.0 Short Blades
 - Level 4.6 Throwing
 - Level 6.6 Armour
 - Level 10.0 Dodging
 - Level 18.9 Stealth
 + Level 10.1 Shields
 - Level 6.4 Spellcasting
 - Level 7.0 Hexes
 - Level 6.0 Invocations
 - Level 3.1 Evocations


You had 13 spell levels left.
You knew the following spells:

 Your Spells              Type           Power        Failure   Level  Hunger
a - Silence               Hex/Air        #.........   96%         5    ######.
b - Deflect Missiles      Chrm/Air       #.........   100%        6    #######
d - Blink                 Tloc           N/A          54%         2    ##.....
x - Confuse               Hex            ###.....     8%          3    ###....


Dungeon Overview and Level Annotations

Branches:
Dungeon (13/15)            Temple (0/1) D:5            Lair (6/6) D:10
 Shoals (3/4) Lair:3       Spider (0/4) Lair:2        Slime (0/5) Lair:6
    Orc (2/2) D:9             Elf (0/3) Orc:2        Vaults (0/5) D:13

Altars:
Dithmenos
Elyvilon
Kikubaaqudgha
Nemelex Xobeh
Qazlal
Ru
Trog
Zin
The Shining One
Beogh

Shops:
D:5 *   D:10 }=?   Orc:1 }   Orc:2 ?[(:   Shoals:1 [   Shoals:2 ?([[


Innate Abilities, Weirdness & Mutations

You have razor-sharp teeth.
You heal very quickly.
When hurt, damage is shared between your health and your magic reserves.
Your bite disrupts and absorbs the magic of your enemies.
Potions cannot restore your health.
You are immune to rotting.


Message History

You block the harpy's attack.
The catoblepas breathes a plume of calcifying dust at you.
The blast of calcifying dust hits you!
The blast of calcifying dust hits the harpy.
Unknown command.
As you read the scroll of teleportation, it crumbles to dust.
You feel strangely unstable.
You are engulfed in calcifying dust.
You are slowing down.
The harpy is engulfed in calcifying dust.
The harpy claws you!
* * * LOW HITPOINT WARNING * * *
The harpy claws you!
* * * LOW HITPOINT WARNING * * *
The harpy is engulfed in calcifying dust.
The harpy closely misses you. The harpy misses you.
The water nymph casts a spell at you. The water swirls and strikes you!
* * * LOW HITPOINT WARNING * * *
The catoblepas gores you!!
You die...

#≈≈≈≈≈≈≈≈≈≈≈.###≈≈≈≈≈≈≈≈≈≈≈≈≈≈≈≈
#≈≈≈≈≈≈≈≈≈≈≈..##.≈≈≈≈≈≈≈≈≈≈≈≈≈≈≈
#≈≈≈≈≈≈≈≈≈≈≈)....≈≈≈≈≈≈≈≈≈≈≈≈≈≈≈
#≈≈≈≈≈≈≈≈≈≈≈≈.<[≈≈≈≈≈≈≈≈≈≈≈≈≈≈≈≈
#≈≈≈≈≈≈≈≈≈≈≈(...≈≈≈≈≈≈≈≈≈≈≈≈≈≈≈≈
#≈≈≈≈≈..≈≈≈>###≈≈.≈≈.≈≈≈≈...≈≈≈≈
#≈≈≈≈≈≈≈≈≈..≈##.≈.....≈.......≈≈
#≈≈≈≈≈≈≈≈≈≈≈≈≈Y≈..#.......# #.≈≈
#≈≈≈≈≈≈≈≈≈≈..≈m@H.##..≈≈..# #...
#≈≈≈≈≈≈≈≈≈≈≈.≈≈HH....≈≈≈.)###...
#≈≈≈≈≈≈≈≈≈.≈≈..H.§..≈≈≈≈≈≈..###.
#≈≈≈≈≈≈≈≈≈..≈≈≈≈≈..≈≈≈≈≈≈≈≈...##
#≈≈≈≈≈≈≈≈≈..≈≈≈≈....≈≈≈≈≈≈≈≈....
#≈≈≈≈≈≈≈≈≈..≈≈≈≈.....≈≈.≈≈≈≈≈≈..
≈≈≈≈≈≈≈≈≈≈≈≈≈≈≈≈..≈≈≈≈≈≈.≈≈≈≈≈≈
≈≈≈≈≈≈≈≈≈≈≈≈≈≈≈..≈≈≈≈≈..≈≈≈≈≈≈
≈≈≈≈≈≈≈≈≈≈≈≈≈≈≈≈≈≈≈≈....(..(.


You could see a catoblepas, a water nymph and 4 harpies.

Vanquished Creatures
  Rupert (Lair:6)
  A titan (Shoals:1)
  A kraken (Shoals:2)
  Polyphemus (Shoals:3)
  Gastronok (D:8)
  An orc warlord (Orc:1)
  Azrael (D:13)
  A merfolk javelineer (Shoals:2)
  2 merfolk impalers
  A fire dragon (Volcano)
  A minotaur (Lab)
  An ogre mage (D:13)
  A hydra (Lair:3)
  Erica (D:8)
  A catoblepas (D:10)
  5 merfolk avatars
  2 centaur warriors
  5 merfolk aquamancers
  A satyr (Shoals:3)
  4 two-headed ogres
  2 death yaks (Shoals:3)
  Sonja (D:13)
  Urug (Orc:1)
  A deep elf knight (D:13)
  6 orc high priests (Orc:2)
  The ghost of melvinkitnick the Grappler, a novice DrMo of Makhleb (D:10)
  4 skeletal warriors
  4 unseen horrors
  15 sea snakes
  Pikel (D:7)
  2 wolf spiders (Orc:1)
  2 lindwurms
  A necromancer (IceCv)
  3 ugly things
  An orc knight (Orc:1)
  3 manticores
  An orc sorcerer (Orc:1)
  12 fauns
  6 cyclopes
  2 deep elf magi (D:13)
  6 merfolk sirens
  6 black mambas
  3 water nymphs (Shoals:2)
  16 spiny frogs
  Maurice (D:11)
  2 gargoyles (D:12)
  An ice statue (IceCv)
  2 rime drakes
  10 komodo dragons
  A kobold demonologist (D:12)
  4 red devils (D:13)
  10 freezing wraiths (IceCv)
  3 trolls
  2 wind drakes (Shoals:3)
  22 merfolk
  3 polar bears
  6 hornets (Lair:6)
  11 hippogriffs
  Grinder (D:3)
  17 blink frogs
  5 snapping turtles
  15 dream sheep
  A shadow (D:11)
  Sigmund (D:2)
  A wyvern (D:8)
  8 water elementals
  23 yaks
  14 spriggans (Lair:6)
  4 fire elementals (D:13)
  2 hogs (D:8)
  A human (D:8)
  A wraith (D:13)
  2 tarantellas (Orc:1)
  12 fire bats
  4 basilisks
  2 hungry ghosts
  4 steam dragons
  A death yak simulacrum (IceCv)
  3 vampire mosquitoes (D:13)
  Edmund (D:5)
  19 water moccasins
  14 wargs
  4 hell hounds
  7 porcupines
  7 ice beasts
  An alligator simulacrum (IceCv)
  30 orc warriors
  A phantom (D:8)
  4 sky beasts
  2 hornet zombies
  4 slaves (D:7)
  4 black bears (Lair:6)
  13 ogres
  3 boggarts (Lair:6)
  7 centaurs
  17 wolves (Lair:6)
  4 crocodiles (Lair:6)
  2 big kobolds
  16 bullfrogs
  4 elf zombies (Ossuary)
  An elephant simulacrum (IceCv)
  10 scorpions
  3 killer bees (D:11)
  2 howler monkeys
  2 vampire bats (Orc:2)
  2 electric eels (Orc:1)
  4 crimson imps
  7 centaur zombies
  A bullfrog zombie (D:9)
  2 human zombies (Ossuary)
  8 lava snakes
  3 quasits
  2 draconian simulacra (IceCv)
  4 hounds
  35 orc priests
  2 jellies
  5 bullfrog skeletons
  5 centaur skeletons
  4 iguanas
  22 orc wizards
  8 worker ants
  A polar bear simulacrum (IceCv)
  8 troll simulacra (IceCv)
  3 centaur simulacra (IceCv)
  A hound skeleton (D:9)
  3 mummies (Ossuary)
  Robin (D:4)
  A worker ant zombie (D:11)
  3 ogre simulacra (IceCv)
  16 adders
  4 naga simulacra (IceCv)
  2 shadow imps
  12 white imps (IceCv)
  An adder zombie (D:9)
  2 adder skeletons (D:4)
  3 worms
  3 dart slugs
  7 leopard geckos
  93 orcs
  2 ball pythons (D:2)
  15 bats
  8 giant cockroaches
  19 goblins
  17 hobgoblins
  6 jackals (D:2)
  21 kobolds
  6 quokkas
  8 frilled lizards
  A giant cockroach zombie (D:6)
  6 rats
  4 tentacles (Shoals:2)
906 creatures vanquished.

Vanquished Creatures (others)
  An orc priest (Orc:1)
  2 fungi
  21 plants
  5 tentacles (Shoals:2)
29 creatures vanquished.

Grand Total: 935 creatures vanquished

Notes
Turn   | Place    | Note
-------+----------+-------------------------------------------
     0 | D:1      | HAL9000 the Vine Stalker Assassin began the quest for the Orb.
     0 | D:1      | Reached XP level 1. HP: 11/11 MP: 2/2
   386 | D:1      | Reached XP level 2. HP: 13/15 MP: 3/3
   627 | D:1      | Reached XP level 3. HP: 17/18 MP: 4/4
  1491 | D:2      | Gained mutation: Your natural rate of healing is unusually fast. [Vine Stalker growth]
  1491 | D:2      | Reached XP level 4. HP: 23/23 MP: 5/5
  2011 | D:2      | Found an ancient bone altar of Kikubaaqudgha.
  2075 | D:2      | Reached XP level 5. HP: 26/26 MP: 6/6
  2196 | D:2      | Noticed Sigmund
  2220 | D:2      | Killed Sigmund
  2220 | D:2      | Reached skill level 5 in Short Blades
  2220 | D:2      | Reached XP level 6. HP: 16/30 MP: 3/7
  2638 | D:3      | Noticed Grinder
  2680 | D:3      | Paralysed by Grinder for 3 turns
  2683 | D:3      | Killed Grinder
  2683 | D:3      | Reached XP level 7. HP: 27/34 MP: 8/8
  2781 | D:3      | Found a white marble altar of Elyvilon.
  2781 | D:3      | Found a glowing golden altar of the Shining One.
  2781 | D:3      | Found a glowing silver altar of Zin.
  2838 | D:3      | Found a faded altar of an unknown god.
  2894 | D:3      | Found a sacrificial altar of Ru.
  3096 | D:3      | Found a shadowy altar of Dithmenos.
  3263 | D:3      | Became a worshipper of Dithmenos the Shadowed
  3354 | D:4      | Found a bloodstained altar of Trog.
  3355 | D:4      | Noticed Robin
  3440 | D:4      | Killed Robin
  3855 | D:4      | Found a stormy altar of Qazlal.
  3893 | D:4      | Reached * piety under Dithmenos
  4144 | D:4      | Gained mutation: You have razor-sharp teeth. [Vine Stalker growth]
  4144 | D:4      | Reached XP level 8. HP: 38/38 MP: 9/9
  4421 | D:5      | Entered Level 5 of the Dungeon
  4436 | D:5      | Found a staircase to the Ecumenical Temple.
  4715 | D:5      | Noticed Edmund
  4721 | D:5      | Killed Edmund
  4731 | D:5      | Found a sparkling altar of Nemelex Xobeh.
  4756 | D:5      | Found Limaon's Assorted Antiques.
  4787 | D:5      | Bought a scroll of teleportation for 69 gold pieces
  6179 | D:6      | Reached skill level 10 in Short Blades
  6198 | D:6      | Reached skill level 1 in Dodging
  6198 | D:6      | Reached skill level 5 in Stealth
  6219 | D:6      | Reached XP level 9. HP: 41/42 MP: 10/10
  6874 | D:7      | Noticed Pikel
  7115 | D:6      | Reached skill level 6 in Stealth
  7523 | D:7      | Reached ** piety under Dithmenos
  7760 | D:7      | Reached skill level 7 in Stealth
  8881 | D:7      | Killed Pikel
  8881 | D:7      | Reached skill level 5 in Fighting
  8881 | D:7      | Reached skill level 8 in Stealth
  8881 | D:7      | Reached XP level 10. HP: 51/51 MP: 11/11
  9149 | D:8      | Reached skill level 9 in Stealth
  9425 | D:8      | Found a sand-covered staircase.
  9434 | Ossuary  | Entered an ossuary
  9444 | Ossuary  | Reached *** piety under Dithmenos
  9444 | Ossuary  | Reached skill level 5 in Dodging
  9751 | D:8      | Noticed Gastronok
  9751 | D:8      | Noticed Erica
  9793 | D:8      | Killed Erica
  9793 | D:8      | Reached skill level 10 in Stealth
  9989 | D:8      | Killed Gastronok
  9989 | D:8      | Reached XP level 11. HP: 51/58 MP: 10/12
 10082 | D:8      | Reached skill level 11 in Stealth
 11011 | D:9      | Found a staircase to the Orcish Mines.
 11075 | D:9      | Found a roughly hewn altar of Beogh.
 11298 | D:9      | Reached **** piety under Dithmenos
 11601 | D:9      | Killed an unseen horror
 11795 | D:9      | Learned a level 2 spell: Blink
 12081 | D:10     | Entered Level 10 of the Dungeon
 12129 | D:10     | Noticed a catoblepas
 12132 | D:10     | Killed a catoblepas
 12139 | D:10     | Noticed a centaur warrior
 12141 | D:10     | Killed a centaur warrior
 12160 | D:10     | Reached skill level 12 in Stealth
 12235 | D:10     | Found a staircase to the Lair.
 12443 | D:10     | Noticed melvinkitnick's ghost (novice DrMo)
 12490 | D:10     | Killed melvinkitnick's ghost
 12640 | D:10     | Found Teamur's Magic Scroll Shoppe.
 12644 | D:10     | Bought a scroll of teleportation for 39 gold pieces
 12644 | D:10     | Bought a scroll of fear for 45 gold pieces
 12713 | D:10     | Found Lomomirchom's Jewellery Shoppe.
 12722 | D:10     | Bought the ring of the Establishment {rPois rC+ EV+2 Str+5 Int-2} for 414 gold pieces
 12814 | D:10     | Found Vuny's Gadget Shoppe.
 13038 | D:10     | Noticed a two-headed ogre
 13045 | D:10     | Killed a two-headed ogre
 13045 | D:10     | Gained mutation: You heal very quickly. [Vine Stalker growth]
 13045 | D:10     | Reached XP level 12. HP: 65/65 MP: 13/13
 13302 | Lair:1   | Entered Level 1 of the Lair of Beasts
 13369 | Lair:1   | Found a frozen archway.
 13378 | IceCv    | Entered an ice cave
 13547 | IceCv    | Reached ***** piety under Dithmenos
 13572 | IceCv    | Reached skill level 13 in Stealth
 13669 | IceCv    | Found an ancient bone altar of Kikubaaqudgha.
 14812 | Lair:1   | Reached XP level 13. HP: 70/70 MP: 14/14
 15557 | Lair:2   | Got an opalescent robe
 15596 | Lair:2   | Reached skill level 14 in Stealth
 15612 | Lair:2   | Identified the +2 robe of Theory {rElec rPois rF+ rC-} (You found it on level 2 of the Lair of Beasts)
 15749 | Lair:2   | Found a hole to the Spider Nest.
 16423 | Lair:3   | Reached skill level 1 in Invocations
 16446 | Lair:3   | Reached skill level 10 in Fighting
 16455 | Lair:3   | Reached XP level 14. HP: 71/77 MP: 14/16
 16515 | Lair:3   | Found a labyrinth entrance.
 16522 | Lab      | Entered a labyrinth
 16742 | Lab      | Got a pair of faintly glowing gloves
 16742 | Lab      | Got a pair of shimmering gloves
 16757 | Lair:3   | Identified the -7 pair of gloves "Reuri" {Int+3} (You found it in a labyrinth)
 16768 | Lair:3   | Identified the cursed +0 pair of gloves of Gallantry {Str+4 Dex+4} (You found it in a labyrinth)
 17236 | Lair:3   | Found a staircase to the Shoals.
 18100 | Lair:4   | Reached skill level 15 in Stealth
 19233 | Lair:5   | Identified a scroll of acquirement
 19636 | Lair:6   | Entered Level 6 of the Lair of Beasts
 19675 | Lair:6   | Found a staircase to the Slime Pits.
 19725 | Lair:6   | Reached ****** piety under Dithmenos
 19818 | Lair:6   | Reached skill level 1 in Shields
 20093 | Lair:6   | Noticed Rupert
 20152 | Lair:6   | Killed Rupert
 20152 | Lair:6   | Reached skill level 5 in Shields
 20454 | Lair:6   | Reached XP level 15. HP: 81/81 MP: 19/19
 20856 | Lair:6   | Reached skill level 10 in Dodging
 21157 | Orc:1    | Entered Level 1 of the Orcish Mines
 21157 | Orc:1    | Found Sajijocu's Gadget Boutique.
 21188 | Orc:1    | Upgraded the game from 0.21-a0-55-gb612c23 to 0.21-a0-59-g7b0e191
 21197 | Orc:1    | Noticed Urug
 21199 | Orc:1    | Killed Urug
 21199 | Orc:1    | Reached skill level 5 in Invocations
 21723 | Orc:1    | Reached skill level 1 in Evocations
 21864 | Orc:1    | Found a dark tunnel.
 21878 | Volcano  | Entered a volcano
 22125 | Volcano  | Found a bloodstained altar of Trog.
 22603 | Orc:2    | Entered Level 2 of the Orcish Mines
 22603 | Orc:2    | Noticed an orc warlord
 22657 | Orc:1    | Killed an orc warlord
 22737 | Orc:1    | Reached skill level 17 in Stealth
 22737 | Orc:1    | Reached XP level 16. HP: 87/87 MP: 21/21
 23029 | Orc:2    | Found a staircase to the Elven Halls.
 23128 | Orc:2    | Found Nehiudor's Magic Scroll Boutique.
 23255 | Orc:2    | Bought a scroll of teleportation for 45 gold pieces
 23260 | Orc:2    | Found Kexaig's Antique Armour Emporium.
 23300 | Orc:2    | Bought a heavily runed helmet for 180 gold pieces
 23331 | Orc:2    | Found a roughly hewn altar of Beogh.
 23350 | Orc:2    | Found Qedau's Antique Weapon Boutique.
 23379 | Orc:2    | Found Zapailys's Book Emporium.
 23410 | Orc:2    | Bought a book of the Sky for 1105 gold pieces
 23416 | Orc:2    | Learned a level 5 spell: Silence
 23423 | Orc:2    | Learned a level 6 spell: Deflect Missiles
 23433 | Orc:2    | Identified the cursed +0 helmet "Syel" {rPois MR+ rCorr} (You bought it in a shop on level 2 of the Orcish Mines)
 24070 | D:11     | Reached skill level 1 in Hexes
 24073 | D:11     | Reached skill level 1 in Spellcasting
 24500 | D:11     | Noticed Maurice
 24503 | D:11     | Killed Maurice
 25317 | D:13     | Noticed Sonja
 25401 | D:13     | Killed Sonja
 25438 | D:13     | Reached skill level 18 in Stealth
 25439 | D:13     | Found a gate to the Vaults.
 25598 | D:13     | Noticed Azrael
 25600 | D:13     | Killed Azrael
 25821 | D:13     | Learned a level 3 spell: Confuse
 25851 | D:13     | Reached XP level 17. HP: 91/91 MP: 24/24
 25875 | D:13     | Reached skill level 5 in Hexes
 26047 | D:10     | Bought an uncursed ring of see invisible for 180 gold pieces
 26133 | Shoals:1 | Entered Level 1 of the Shoals
 26194 | Shoals:1 | Noticed a titan
 26219 | Shoals:1 | Killed a titan
 26219 | Shoals:1 | Reached skill level 5 in Spellcasting
 26555 | Shoals:1 | Found Ishriaseo's Armour Shoppe.
 26999 | Shoals:2 | Noticed a kraken
 27046 | Shoals:2 | Killed a kraken
 27186 | Shoals:2 | Found Pepod's Magic Scroll Shoppe.
 27582 | Shoals:2 | Found Adaf's Armour Shop.
 27618 | Shoals:2 | Bought a scroll of teleportation for 51 gold pieces
 27725 | Shoals:2 | Found Safaus's Antique Weapon Shoppe.
 27799 | Shoals:2 | Bought a crude hand crossbow for 195 gold pieces
 27799 | Shoals:2 | Identified the cursed +3 hand crossbow "Spiderbane" {venom, *Corrode MR+ Stlth+} (You bought it in a shop on level 2 of the Shoals)
 27820 | Shoals:2 | Found Tevavvoca's Armour Shoppe.
 28791 | Shoals:3 | Noticed Polyphemus
 29275 | Shoals:3 | HP: 5/106 [merfolk impaler/trident of freezing (2)]
 29554 | Shoals:3 | Killed Polyphemus
 29554 | Shoals:3 | Reached skill level 10 in Shields
 29554 | Shoals:3 | Reached XP level 18. HP: 76/96 MP: 28/28
 29619 | Shoals:3 | HP: 3/111 [water nymph/the raging water (10)]
 29619 | Shoals:3 | Mangled by a catoblepas

Vault maps used:
D:1:      dpeg_arrival_snail
D:2:      kiku_gazebo_pond_becter, minmay_strange_pillars,
          minmay_misc_feat_five, minivault_14, uniq_sigmund
D:3:      good_gods_mini_temple, nicolae_ru_the_path_less_chosen,
          marbit_many_paths, chequers_ecumenical_altar_simple_redux,
          uniq_grinder
D:4:      bloody_trog, first_bread, kennysheep_nub, minmay_ruined_shrine,
          uniq_robin
D:5:      lemuel_doored_altar, temple_fountains, serial_co_window_serial,
          co_window_paths_a, co_window_paths_a, co_window_of_opportunity_a,
          co_window_paths_a, co_window_paths_b, co_window_corner_a,
          co_window_of_opportunity_a, co_window_paths_b, co_window_paths_a,
          co_window_2corner, co_window_of_opportunity_c,
          co_window_unsneaky_path_e, co_window_broadway_a, co_window_broadway_b,
          co_window_unsneaky_path_d, co_window_paths_e, glass_columns_a,
          glass_columns_a, glass_columns_c, glass_columns_b, serial_shops,
          shop_coins, uniq_edmund
D:6:      nicolae_benzene_ring
D:7:      uniq_pikel
D:8:      nicolae_ossuary_entry_monument, grunt_livestock, uniq_gastronok,
          uniq_erica
D:9:      minmay_orc_entry_temple_small
D:10:     minmay_cornered_nines, erik_lair_orcish_takeover, serial_shops, shop,
          shop, nicolae_shop_window_shopping
D:11:     serial_column_ruins, column_ruins_square_small,
          column_ruins_courtyard_long, column_ruins_grid_1,
          column_ruins_open_small, column_ruins_grid_1,
          column_ruins_open_tiny_water, column_ruins_grid_1,
          column_ruins_open_small, statue_in_the_mist_lemuel,
          minmay_misc_feat_roman, fungi_pond_lemuel, uniq_maurice
D:13:     hangedman_vaults_entry_quadrant_bands,
          einodemon_armed_red_devil_minivault, uniq_sonja, uniq_azrael
Lair:1:   minmay_guarded_unrand_snakebite, portal_ice_cave_entry_pillars_1
Lair:2:   dummy_spider_entry, wad_woods_03
Lair:3:   elwin_shoals_entry_rooms, lab_entry_generic, lemuel_fruit_tree
Lair:4:   infiniplex_staircase_pool, grunt_megastairs_3
Lair:5:   st_stairs_10, serial_bayou_shore_b
Lair:6:   minmay_lair_end_enchanted_forest, slime_dummy, uniq_rupert
Shoals:1: cheibrodos_shoals_gigantism, serial_shops, shop
Shoals:2: serial_shops, shop, shop, shop, nicolae_shop_statue_plus,
          nicolae_shoals_flooded_hall
Shoals:3: cheibrodos_shoals_three_sisters, uniq_polyphemus
Orc:1:    nicolae_orc_accident_3, enter_bailey_4, serial_shops, shop_fountains,
          enter_volcano_3, nicolae_orc_flooded_monolith,
          nicolae_orc_pool_cavern, uniq_urug
Orc:2:    st_orc_town, roderic_batcave
Lab:      labyrinth_spiral, lab_hedge, nicolae_lab_dead_end
Ossuary:  ossuary_minmay_four_chambers
IceCv:    ice_cave_small_necro
Volcano:  volcano_grotto

Skill      XL: |  1  2  3  4  5  6  7  8  9 10 11 12 13 14 15 16 17 |
---------------+----------------------------------------------------+-----
Short Blades   | 2 3 4 5 6 8 10 | 10.0
Fighting       | 2 5 7 8 9 10 11 | 11.4
Dodging        | 1 4 6 7 8 9 10 | 10.0
Stealth        | 5 8 10 12 13 14 15 17 18 | 18.9
Armour         | 6 |  6.6
Invocations    | 1 4 5 6 |  6.0
Throwing       | 3 4 |  4.6
Shields        | 5 10 | 10.1
Evocations     | 2 3 |  3.1
Hexes          | 4 7 |  7.0
Spellcasting   | 4 6 |  6.4

Action                   |  1- 3 |  4- 6 |  7- 9 | 10-12 | 13-15 | 16-18 || total
-------------------------+-------+-------+-------+-------+-------+-------++-------
Melee: Dagger            |    85 |   132 |   682 |  1027 |       |       ||  1926
       Bite              |    25 |    38 |   250 |   467 |   458 |   702 ||  1940
       Rapier            |       |       |       |    67 |   328 |       ||   395
       Quick blade       |       |       |       |       |   546 |  1291 ||  1837
 Fire: Blowgun           |       |    12 |    15 |    14 |     4 |       ||    45
Throw: Javelin           |       |     6 |     3 |     9 |       |       ||    18
       Throwing net      |       |       |       |       |       |     2 ||     2
 Cast: Confuse           |       |       |       |       |       |     7 ||     7
Invok: Shadow Step       |       |       |       |     3 |     5 |    15 ||    23
Evoke: Wand              |       |       |       |     5 |     7 |       ||    12
  Use: Scroll            |       |     3 |     9 |    12 |    18 |     6 ||    48
       Potion            |       |       |       |     5 |     2 |       ||     7
 Stab: Sleeping          |     7 |     3 |    15 |    36 |    60 |    75 ||   196
       Distracted        |       |       |     2 |     4 |     8 |    16 ||    30
       Confused          |       |       |       |       |       |     1 ||     1
  Eat: Chunk             |     2 |     4 |    19 |    14 |    20 |    23 ||    82
       Fruit             |       |       |       |     8 |     6 |     1 ||    15
Armor: Robe              |     2 |       |       |       |       |       ||     2
       Leather armour    |    29 |    46 |   150 |   223 |    72 |    90 ||   610
Dodge: Dodged            |    43 |    84 |   266 |   732 |   564 |   479 ||  2168
Block: Buckler           |       |       |       |       |    57 |   114 ||   171
       Shield            |       |       |       |       |       |   145 ||   145
